 Dungeon Crawl Stone Soup version 0.29-a0-841-g116ddc6ace (webtiles) character file.

Game seed: 7032002725161429934

957 Armakuni the Fighter (level 8, -1/84 HPs)
             Began as a Meteoran Gladiator on July 14, 2022.
             Slain by Enfaeutchie's ghost (3 damage)
             ... on level 5 of the Dungeon.
             The game lasted 00:13:16 (4416 turns).

Armakuni the Fighter (Meteoran Gladiator)           Turns: 4416, Time: 00:13:17

Health: -1/84      AC: 13    Str: 16      XL:     8   Next: 63%
Magic:  9/9        EV: 13    Int: 11      God:
Gold:   232        SH:  0    Dex: 14 (16) Spells: 7/7 levels left

rFire   . . .      SeeInvis .   a - +1 quarterstaff (protect)
rCold   . . .      Faith    .   (shield currently unavailable)
rNeg    . . .      Spirit   .   k - +1 robe "Cuobacem" {rElec rPois}
rPois   +          Reflect  .   c - +1 helmet
rElec   +          Harm     .   j - +0 cloak
rCorr   .          Rampage  .   (no gloves)
Will    +....                   (no boots)
Stlth   +.........              A - amulet of the acrobat
HPRegen 0.24/turn               (no ring)
MPRegen 0.11/turn               (no ring)

@: under a protective aura, glowing, studying Fighting
A: sense surroundings 1, otherworldly, glowing, explore regen
a: no special abilities


You were on level 5 of the Dungeon.
You visited 1 branch of the dungeon, and saw 8 of its levels.

You collected 232 gold pieces.

Inventory:

Hand Weapons
 a - a +1 quarterstaff of protection (weapon)
Missiles
 d - a throwing net (quivered)
 e - 5 javelins
 h - 3 poisoned darts
Armour
 c - a +1 helmet (worn)
 j - a +0 cloak (worn)
 k - the +1 robe "Cuobacem" (worn) {rElec rPois}
   (You found it on level 6 of the Dungeon)

   rElec:     It insulates you from electricity.
   rPois:     It protects you from poison.
Magical Staves
 b - a staff of poison
Jewellery
 g - a ring of willpower
 o - a +6 ring of dexterity
 A - an amulet of the acrobat (around neck)
 F - a ring of fire
 W - a ring of wizardry
Scrolls
 q - a scroll of immolation
Potions
 f - 2 potions of curing
 i - a potion of brilliance
 l - 3 potions of lignification
 m - 2 potions of heal wounds
 n - a potion of cancellation
 p - a potion of degeneration {unknown}
 r - a potion of mutation {unknown}


   Skills:
 + Level 12.3 Fighting
 - Level 5.9 Staves
 - Level 2.4 Throwing
 - Level 3.6 Dodging


You had 7 spell levels left.
You didn't know any spells.
Your spell library contained the following spells:

 Spells                   Type           Power      Damage    Failure   Level
 Freeze                   Ice            0%         1d3       34%         1
 Frozen Ramparts          Ice            0%         1d2       71%         3
 Flame Wave               Conj/Fire      0%         2d4       98%         4
 Hailstorm                Conj/Ice       0%         3d3       98%         4
 Ice Form                 Ice/Tmut       0%         N/A       98%         4
 Summon Ice Beast         Ice/Summ       0%         N/A       98%         4


Dungeon Overview and Level Annotations

Branches:
Dungeon (8/15) Zot: 551
 Temple: D:4-7         Lair: D:8-11

Altars:
Nemelex Xobeh
Trog

Shops:
D:2 ?

Annotations:
D:5 1 transporter, Enfaeutchie's ghost, novice MeFi


Innate Abilities, Weirdness & Mutations

You passively map a small area around you.
You are easily found by Zot.
You glow in the dark.
You regain HP and MP as you explore.


Message History

You barely miss Enfaeutchie's ghost.
Enfaeutchie's ghost is moderately damaged.
Enfaeutchie's ghost hits you!
You hit Enfaeutchie's ghost.
Enfaeutchie's ghost is moderately damaged.
Enfaeutchie's ghost hits you.
You hit Enfaeutchie's ghost.
Enfaeutchie's ghost is heavily damaged.
Enfaeutchie's ghost hits you but does no damage.
You sock Enfaeutchie's ghost!
Enfaeutchie's ghost is severely damaged.
Enfaeutchie's ghost misses you.
You hit Enfaeutchie's ghost.
Enfaeutchie's ghost is severely damaged.
Enfaeutchie's ghost misses you.
You closely miss Enfaeutchie's ghost.
Enfaeutchie's ghost is severely damaged.
Enfaeutchie's ghost hits you!
You hit Enfaeutchie's ghost but do no damage.
Enfaeutchie's ghost is severely damaged.
Enfaeutchie's ghost hits you but does no damage.
You hit Enfaeutchie's ghost but do no damage.
Enfaeutchie's ghost is severely damaged.
Enfaeutchie's ghost hits you!
* * * LOW HITPOINT WARNING * * *
You barely miss Enfaeutchie's ghost.
Enfaeutchie's ghost is severely damaged.
Enfaeutchie's ghost barely misses you.
You thump Enfaeutchie's ghost!
Enfaeutchie's ghost is almost destroyed.
Enfaeutchie's ghost hits you.
* * * LOW HITPOINT WARNING * * *
You closely miss Enfaeutchie's ghost.
Enfaeutchie's ghost is almost destroyed.
Enfaeutchie's ghost hits you!
* * * LOW HITPOINT WARNING * * *
You hit Enfaeutchie's ghost.
Enfaeutchie's ghost is almost destroyed.
Enfaeutchie's ghost hits you.
You die...

.......#.#...#.#.#............#
.......#.#....................#
....#.(.....####©###..........#
...##...#####..###.##.........#
...##...#....#......##....######
...##..##...#...#....#.........#
...###.#......#..##..#.........#
.......#..##..©..#..©#.........#
.......#.....#.W@..#.##........#
.......##.##...###....#...######
........#.........#..##.......#
........##..#####..###........#
.........####.©.####..........#
...#.................#........###
...+..............>###...........
...#...............###...........
...#.............................


You could see Enfaeutchie's ghost.

Vanquished Creatures
  An ice beast (D:5)
  2 ogres (D:5)
  3 jellies (D:5)
  3 howler monkeys
  2 quasits (D:5)
  3 hounds
  2 iguanas
  An orc wizard (D:4)
  2 gnolls (D:3)
  8 adders
  2 shadow imps
  3 ufetubi
  5 worms
  3 dart slugs
  10 orcs
  3 endoplasms
  2 giant cockroaches
  9 goblins
  10 hobgoblins
  3 jackals
  8 kobolds
  4 quokkas
  9 ball pythons
  4 bats
  3 frilled lizards
  12 rats
117 creatures vanquished.

Notes
Turn   | Place    | Note
-------+----------+-------------------------------------------
     0 | D:1      | Armakuni the Meteoran Gladiator began the quest for the
                  | Orb.
     0 | D:1      | Reached XP level 1. HP: 17/17 MP: 2/2
   315 | D:1      | Reached XP level 2. HP: 21/25 MP: 3/3
   393 | D:1      | Reached skill level 3 in Fighting
   393 | D:1      | Reached XP level 3. HP: 19/31 MP: 4/4
   448 | D:2      | Found Suto Rui's Magic Scroll Shop.
   721 | D:1      | Reached XP level 4. HP: 38/38 MP: 5/5
   968 | D:1      | Found a faded altar of an unknown god.
  1086 | D:1      | Glimpsed the power of Zot.
  1136 | D:2      | Glimpsed the power of Zot.
  1175 | D:2      | Glimpsed the power of Zot.
  1185 | D:2      | Touched by the power of Zot.
  1379 | D:3      | Reached skill level 5 in Staves
  1393 | D:3      | Reached XP level 5. HP: 11/32 MP: 6/6
  1434 | D:3      | Reached skill level 4 in Fighting
  1444 | D:3      | Noticed a moth of wrath
  1447 | D:3      | Found a bloodstained altar of Trog.
  1656 | D:2      | Identified a scroll of acquirement
  1656 | D:2      | Acquired a manual of Fighting
  1957 | D:5      | Entered Level 5 of the Dungeon
  2095 | D:3      | Reached XP level 6. HP: 37/47 MP: 7/7
  2436 | D:4      | Reached skill level 5 in Fighting
  2522 | D:4      | Got the Reference Book on Ice and Combustion
  2617 | D:5      | Found a transporter.
  2620 | D:5      | Noticed Enfaeutchie's ghost (novice MeFi)
  2716 | D:4      | Reached skill level 6 in Fighting
  2957 | D:4      | Found a sparkling altar of Nemelex Xobeh.
  3367 | D:5      | Noticed an ogre
  3387 | D:5      | Killed an ogre
  3388 | D:5      | Reached skill level 7 in Fighting
  3388 | D:5      | Reached XP level 7. HP: 47/67 MP: 8/8
  3389 | D:5      | Reached skill level 8 in Fighting
  3638 | D:7      | Reached skill level 9 in Fighting
  3717 | D:5      | Reached skill level 10 in Fighting
  3717 | D:5      | Reached XP level 8. HP: 55/79 MP: 9/9
  3790 | D:5      | Found a transporter.
  3804 | D:6      | Identified the +1 robe "Cuobacem" {rElec rPois}
  3941 | D:5      | Reached skill level 11 in Fighting
  4232 | D:5      | Reached skill level 12 in Fighting
  4415 | D:5      | HP: 2/84 [Enfaeutchie's ghost (7)]
  4416 | D:5      | Slain by Enfaeutchie's ghost

Illustrated notes

Levels and vault maps discovered:
D:1:      kilobyte_arrival_exit_the_forest, layout_loops_ring,
          chequers_ecumenical_altar_simple_redux, minmay_misc_feat_rugged,
          st_stairs_9
D:2:      layout_loops_ring, serial_shops, shop, kennysheep_doodads,
          minmay_tiny_reverse_x
D:3:      layout_loops_ring, tgw_trog, serial_shops,
          nicolae_shop_advertising_works [nicolae_subvault_shop_adworks],
          corexii_corridor_pit
D:4:      layout_layer_cave, nemelex_spade_bored_becter,
          corexii_leaking_fountain
D:5:      layout_basic, portal_sewer_entry_e, gammafunk_ghost_stat_death
D:6:      layout_basic, lemuel_tele_altar, amcnicky_altar_gilded,
          nicolae_ossuary_entry_plus, minmay_misc_feat_x, minivault_11,
          uniq_pikel
D:7:      layout_basic, mainiacjoe_overflow_alcove_1,
          minmay_temple_entry_drinking_statues, chequers_serial_rivers_large_a,
          uniq_menkaure, uniq_joseph
D:8:      layout_gridville, mainiacjoe_overflow_big_doors, elyvilon_altar_5

Skill      XL: |  1  2  3  4  5  6  7  8 |
---------------+-------------------------+-----
Staves         | 4 5 |  5.9
Fighting       | 3 4 7 10 12 | 12.3
Throwing       | |  2.4
Dodging        | |  3.6

Action                   |  1- 3 |  4- 6 |  7- 9 || total
-------------------------+-------+-------+-------++-------
Melee: Quarterstaff      |    65 |   218 |   142 ||   425
Throw: Throwing net      |       |     2 |     1 ||     3
  Use: Scroll            |     6 |     8 |     4 ||    18
 Stab: Held in net/web   |       |     1 |     1 ||     2
Armor: Leather armour    |    26 |    94 |    67 ||   187
       Robe              |       |       |    52 ||    52
Dodge: Dodged            |    36 |   139 |   132 ||   307

Table legend: (Time is in decaauts)
 A = Elapsed time spent in this place.
 B = Non-inter-level travel time spent in this place.
 C = Inter-level travel time spent in this place.
 D = Time resting spent in this place.
 E = Time spent auto-exploring this place.
 F = Levels seen in this place.
 G = Mean time per level.
                   A        B        C        D        E       F      G
               +--------+--------+--------+--------+--------+-----+--------+
         Total |   4447 |   4209 |    238 |    200 |   2531 |   8 |  555.9 |
       Dungeon |   4447 |   4209 |    238 |    200 |   2531 |   8 |  555.9 |
               +--------+--------+--------+--------+--------+-----+--------+

Top non-repeatable levels by time:
     D:1: 1042 daAuts
     D:4: 1019 daAuts
     D:5: 956 daAuts
     D:2: 730 daAuts
     D:3: 526 daAuts
     D:6: 137 daAuts
     D:7: 32 daAuts
     D:8: 1 daAuts
